 Dungeon Crawl Stone Soup version 0.18-a0-1120-g03bd624 (webtiles) character file.

977 ater218 the Transmogrifier (level 8, -1/64 HPs)
             Began as a Merfolk Transmuter on Jan 15, 2016.
             Slain by a black bear (2 damage)
             ... while paralysed by Grinder
             ... on level 6 of the Dungeon on Jan 17, 2016.
             The game lasted 00:25:01 (6547 turns).

ater218 the Transmogrifier (Merfolk Transmuter)     Turns: 6547, Time: 00:25:02

Health: -1/64      AC:  2    Str: 11    XL:     8   Next: 17%
Magic:  14/15      EV:  5    Int: 14    God:
Gold:   229        SH:  0    Dex: 19    Spells: 3 memorised, 7 levels left

rFire  . . .     SeeInvis .       - Unarmed
rCold  . . .     Gourm    .     (armour currently unavailable)
rNeg   . . .     Faith    .     (shield currently unavailable)
rPois  x         Spirit   .     (helmet currently unavailable)
rElec  .         Dismiss  .     (cloak currently unavailable)
rCorr  .         Reflect  .     (gloves currently unavailable)
SustAt .         Harm     .     (boots currently unavailable)
MR     .....                    (no amulet)
Stlth  ++........               (no ring)
                                p - ring of flight

@: paralysed, spider-form (expiring), not resistant to hostile enchantments,
unstealthy
A: (change form in water), (swift swim)
a: End Transformation, Evoke Flight


You were on level 6 of the Dungeon.
You were not hungry.
You were a venomous arachnid creature.
You visited 1 branch of the dungeon, and saw 6 of its levels.

You collected 229 gold pieces.

Inventory:

Missiles
 a - 49 arrows
Armour
 b - a +1 robe (melded)
 i - a +0 pair of boots (melded)
 k - a +0 cloak (melded)
Jewellery
 p - a ring of flight (left front leg)
Scrolls
 e - a scroll of teleportation
 f - 3 scrolls of identify
 m - a scroll of enchant armour
Potions
 d - 5 potions of curing
 n - a potion of flight
Books
 c - a book of Changes

   Spells                             Type                      Level
   a - Beastly Appendage              Transmutation                1
   b - Sticks to Snakes               Transmutation                2
   c - Spider Form                    Transmutation/Poison         3
   d - Ice Form                       Ice/Transmutation            4
   e - Blade Hands                    Transmutation                5
Comestibles
 h - a meat ration
 j - a beef jerky
 l - a bread ration


   Skills:
 + Level 5.6 Fighting
 + Level 7.9 Dodging
 + Level 8.5 Unarmed Combat
 + Level 4.9 Spellcasting
 * Level 10.0 Transmutations
 + Level 2.3 Poison Magic


You had 7 spell levels left.
You knew the following spells:

 Your Spells              Type           Power        Failure   Level  Hunger
a - Beastly Appendage     Trmt           ####..       3%          1    None
b - Spider Form           Trmt/Pois      ###.......   17%         3    ###....
c - Blade Hands           Trmt           ####......   24%         5    ######.


Dungeon Overview and Level Annotations

Branches:
Dungeon (6/15)             Temple (0/1) D:6

Altars:
Elyvilon
Gozag
Kikubaaqudgha
Okawaru
Ru

Annotations:
D:5 Menkaure
D:6 Grinder


Message History

a club x2 a gnoll corpse You hit the gnoll.
The gnoll is moderately wounded.
The black bear completely misses you. The black bear closely misses you.
The black bear completely misses you. The gnoll hits you with a spear.
* * * LOW HITPOINT WARNING * * *
Grinder gestures at you.
You suddenly lose the ability to move!
Your transformation is almost over.
The black bear bites you!
* * * LOW HITPOINT WARNING * * *
The black bear claws you.
* * * LOW HITPOINT WARNING * * *
The black bear claws you.
* * * LOW HITPOINT WARNING * * *
The gnoll barely misses you. The black bear bites you!
* * * LOW HITPOINT WARNING * * *
The black bear claws you.
You die...

#.............##.###
#.#.....####†.##.###
#)#.#.#.............
#.#.....####..######
#.##...## #..#
#.#..#.# #..#****
#......#####...,,,**
#..h..5...##...,,,,,
#..s#.#.........,,,,
##.g(.§....#,,,,,,,*
###.####.##*,,,,,,*
*.# *,h#,,,,,,,,,
*.#***,#,*,,,,,,*
*..,,,,,,,,*,****
*..***,*,*,*,****
*..# *,,,,,*,*,,,
*,,* ******,,,,,,


You could see Grinder, a black bear and a gnoll.

Vanquished Creatures
  A sky beast (D:6)
  A black bear (D:6)
  2 centaurs
  A wyvern skeleton (D:6)
  A crimson imp (D:6)
  A jelly (D:3)
  An orc priest (D:4)
  A hound (D:6)
  A centaur skeleton (D:5)
  Ijyb (D:3)
  2 iguanas
  A worker ant (D:4)
  6 adders
  5 gnolls
  4 worms
  3 giant geckos
  12 orcs
  A ball python (D:2)
  17 bats
  4 giant cockroaches
  4 goblins
  7 hobgoblins
  6 jackals
  2 quokkas (D:2)
  3 giant newts
  10 kobolds
  A quokka skeleton (D:4)
  7 rats
106 creatures vanquished.

Notes
Turn   | Place    | Note
--------------------------------------------------------------
     0 | D:1      | ater218 the Merfolk Transmuter began the quest for the Orb.
     0 | D:1      | Reached XP level 1. HP: 15/15 MP: 3/3
   285 | D:1      | Reached XP level 2. HP: 5/21 MP: 3/5
  1036 | D:1      | Reached XP level 3. HP: 9/26 MP: 4/6
  1272 | D:1      | Learned a level 3 spell: Spider Form
  2219 | D:2      | Reached skill level 4 in Transmutations
  2236 | D:2      | Reached XP level 4. HP: 32/32 MP: 4/7
  2451 | D:2      | Upgraded the game from 0.18-a0-1088-g34ef3a2 to 0.18-a0-1120-g03bd624
  2743 | D:3      | Found a white marble altar of Elyvilon.
  2744 | D:3      | Found an iron altar of Okawaru.
  2744 | D:3      | Found a sacrificial altar of Ru.
  2753 | D:3      | Found an ancient bone altar of Kikubaaqudgha.
  3137 | D:3      | Noticed Ijyb
  3152 | D:3      | Killed Ijyb
  3152 | D:3      | Reached XP level 5. HP: 16/38 MP: 5/8
  3346 | D:3      | Reached skill level 5 in Fighting
  3346 | D:3      | Reached skill level 7 in Dodging
  3346 | D:3      | Reached skill level 8 in Unarmed Combat
  3346 | D:3      | Reached skill level 9 in Transmutations
  3346 | D:3      | Reached XP level 6. HP: 44/51 MP: 8/13
  3911 | D:3      | Reached skill level 1 in Poison Magic
  4377 | D:4      | Found an opulent altar of Gozag.
  5271 | D:4      | Reached XP level 7. HP: 56/56 MP: 10/14
  5596 | D:5      | Entered Level 5 of the Dungeon
  5695 | D:5      | Noticed Menkaure
  6392 | D:6      | Reached skill level 10 in Transmutations
  6392 | D:6      | Reached XP level 8. HP: 55/63 MP: 12/15
  6418 | D:6      | Learned a level 5 spell: Blade Hands
  6528 | D:6      | Noticed Grinder
  6533 | D:6      | Paralysed by Grinder for 3 turns
  6545 | D:6      | Paralysed by Grinder for 6 turns
  6547 | D:6      | HP: 1/64 [black bear (7)]
  6547 | D:6      | Slain by a black bear

Vault maps used:
D:1:      lemuel_arrival_broad_hall
D:2:      grunt_ministairs_4
D:3:      nicolae_overflow_quartered_altars, nicolae_overflow_hidden_temple,
          uniq_iyjb
D:4:      first_bread, grunt_gozag_statues
D:5:      hex_intersection, uniq_menkaure
D:6:      minmay_temple_entry_poolview, serial_shops, shop,
          minmay_misc_feat_five, kennysheep_boxes, uniq_grinder, uniq_duvessa

Action                   |  1- 3 |  4- 6 |  7- 9 || total
-------------------------+-------+-------+-------++-------
Melee: Unarmed           |    93 |   140 |    64 ||   297
 Cast: Beastly Appendage |    12 |     3 |       ||    15
       Spider Form       |    10 |    18 |     8 ||    36
       Blade Hands       |       |       |     1 ||     1
  Use: Scroll            |     4 |     6 |     2 ||    12
       Potion            |     3 |     3 |     2 ||     8
 Stab: Sleeping          |     2 |     2 |     1 ||     5
  Eat: Chunk             |     1 |     9 |       ||    10
       Bread ration      |     1 |       |       ||     1
       Royal jelly       |       |     1 |       ||     1
       Beef jerky        |       |       |     2 ||     2
       Meat ration       |       |       |     1 ||     1
